 Dungeon Crawl Stone Soup version 0.22-a0-322-g60b3cfd (webtiles) character file.

4217 xccam the Fighter (level 10, -2/87 (88) HPs)
             Began as a Gnoll Wanderer on Apr 4, 2018.
             Was a High Priest of Cheibriados.
             Engulfed by an ice statue's freezing vapour (27 damage)
             ... on level 8 of the Dungeon.
             The game lasted 00:17:10 (6691 turns).

xccam the Fighter (Gnoll Wanderer)                  Turns: 6691, Time: 00:17:11

HP:   -2/87 (88)    AC: 11    Str: 31    XL:     10   Next: 30%
MP:   17/17         EV: 15    Int: 25    God:    Cheibriados [*****.]
Gold: 502           SH: 10    Dex: 27    Spells: 18/19 levels left

rFire    + . .     SeeInvis .   l - +5 long sword
rCold    . . .     Gourm    .   z - +0 buckler
rNeg     . . .     Faith    .   a - +2 scale mail
rPois    .         Spirit   .   (no helmet)
rElec    .         Reflect  +   n - +1 cloak
rCorr    +         Harm     .   (no gloves)
MR       .....                  (no boots)
Stlth    ++........             D - +3 amulet of reflection
HPRegen  0.24/turn              t - ring of resist corrosion
MPRegen  0.15/turn              E - ring of protection from fire

@: very slow
A: distributed training, fangs 1, strong nose
a: Bend Time, Temporal Distortion, Slouch, Step From Time, Renounce Religion


You were on level 8 of the Dungeon.
You worshipped Cheibriados.
Cheibriados was extremely pleased with you.
You were hungry.

You visited 1 branch of the dungeon, and saw 8 of its levels.
You also visited: Sewer.

You collected 547 gold pieces.
You spent 45 gold pieces at shops.

Inventory:

Hand Weapons
 c - a +0 hand crossbow
 l - a +5 long sword (weapon)
 o - a +0 hand axe of electrocution
 u - a +4 battleaxe
 A - a +1 war axe
Missiles
 d - 83 bolts
 p - 18 tomahawks (quivered)
Armour
 a - a +2 scale mail (worn)
 n - a +1 cloak (worn)
 z - a +0 buckler (worn)
Jewellery
 t - a ring of resist corrosion (left hand)
 D - a +3 amulet of reflection (around neck)
 E - a ring of protection from fire (right hand)
Wands
 G - a wand of polymorph (14)
Scrolls
 b - 3 scrolls of identify
 e - 2 scrolls of amnesia
 g - 5 scrolls of enchant armour
 i - a scroll of enchant weapon
 j - 4 scrolls of teleportation
 k - a scroll of noise {unknown}
 m - 2 scrolls of remove curse
 r - 2 scrolls of blinking {unknown}
 y - a scroll of magic mapping {unknown}
Potions
 h - 3 potions of mutation
 q - 7 potions of curing
 s - a potion of haste
 v - a potion of flight
 w - 2 potions of ambrosia
 x - a potion of might
 B - a potion of lignification
 F - a potion of degeneration {unknown}
 H - 2 potions of magic {unknown}
Comestibles
 f - 14 rations


   Skills:
 + Level 11.4 Fighting
 + Level 5.0 Short Blades
 + Level 5.0 Long Blades
 + Level 5.7 Axes
 + Level 5.0 Maces & Flails
 + Level 5.0 Polearms
 + Level 5.0 Staves
 + Level 5.0 Slings
 + Level 5.0 Bows
 + Level 5.7 Crossbows
 + Level 5.0 Throwing
 + Level 5.7 Armour
 + Level 5.0 Dodging
 + Level 5.0 Stealth
 + Level 5.7 Shields
 + Level 5.0 Unarmed Combat
 + Level 5.0 Spellcasting
 + Level 4.1 Conjurations
 + Level 4.1 Hexes
 + Level 4.1 Charms
 + Level 4.1 Summonings
 + Level 4.1 Necromancy
 + Level 4.1 Translocations
 + Level 4.1 Transmutations
 + Level 4.1 Fire Magic
 + Level 4.1 Ice Magic
 + Level 4.1 Air Magic
 + Level 4.1 Earth Magic
 + Level 4.1 Poison Magic
 + Level 5.5 Invocations
 + Level 5.7 Evocations


You had 18 spell levels left.
You knew the following spells:

 Your Spells              Type           Power        Failure   Level  Hunger
a - Flame Tongue          Conj/Fire      ####.        2%          1    None


Dungeon Overview and Level Annotations

Branches:
Dungeon (8/15)             Temple (0/1) D:7
   Lair: D:8-11

Altars:
Ashenzari
Cheibriados
Kikubaaqudgha
Makhleb
Nemelex Xobeh
Ru
Sif Muna
Trog
Vehumet
Xom
Zin

Shops:
D:7 [

Annotations:
D:8 exclusion: ice statue


Innate Abilities, Weirdness & Mutations

Your experience applies equally to all skills.
You have very sharp teeth.
Your uncanny sense of smell can sniff out nearby items.


Message History

The shard of ice hits you!
* * * LOW HITPOINT WARNING * * *
You hit the ice statue but do no damage.
The ice statue is heavily damaged.
You block the ice beast's attack.
The ice statue gestures.
Unknown command.
You hit the ice statue.
You bite the ice statue, but do no damage.
The ice statue is heavily damaged.
The ice beast misses you.
You riposte.
You closely miss the ice beast.
You bite the ice beast, but do no damage.
The ice beast is severely wounded.
The ice statue gestures at you. The freezing blast misses you.
The ice beast misses you.
You are feeling hungry.
You hit the ice statue but do no damage.
The ice statue is heavily damaged.
You are engulfed in freezing vapours.
You die...

..........####
######.# ###.#.#.###
#.## #.....# ..# #...
######(###
#..######.## #......#
#...##.....# #.######
##...##.##### #.#
###§.(.##.# #.#
####§§....##.# #.#
#8@Y§§....##.# #.#
####§§....##.#
#.###########....##.#
##
#...........##...##.#
.# #.##.######
#...##.# #. #.##.#
##..##.# #. #.##.#
#..##.# #. #.##.#
#..##.# #. #.##.#
#..##.#####.


You could see an ice statue and an ice beast.

Vanquished Creatures
  A two-headed ogre (D:8)
  A hippogriff (D:8)
  A wyvern (D:8)
  The ghost of xccam the Stinger, an amateur GnWn of Cheibriados (D:3)
  A black bear (D:8)
  An ice beast (D:8)
  A phantom (D:7)
  7 ogres
  An orc warrior (D:8)
  A necrophage (D:8)
  A centaur (D:8)
  6 bullfrogs
  A scorpion (D:8)
  4 killer bees (D:7)
  7 wights (D:6)
  3 crimson imps (D:6)
  2 howler monkeys
  A bullfrog zombie (D:7)
  A jelly (D:8)
  3 hounds
  An orc priest (D:8)
  A bullfrog skeleton (D:4)
  An iguana (D:4)
  9 orc wizards
  4 worker ants
  A hound skeleton (D:5)
  3 gnolls (D:8)
  14 adders
  3 river rats (D:5)
  A shadow imp (D:7)
  3 worms
  3 dart slugs
  8 leopard geckos
  19 orcs
  3 ball pythons
  9 bats
  16 giant cockroaches
  7 hobgoblins
  18 jackals
  6 kobolds
  2 quokkas
  8 frilled lizards
  A giant cockroach zombie (D:6)
  8 goblins
  9 rats
203 creatures vanquished.

Notes
Turn   | Place    | Note
-------+----------+-------------------------------------------
     0 | D:1      | Reached skill level 10 in Fighting
     0 | D:1      | xccam the Gnoll Wanderer began the quest for the Orb.
     0 | D:1      | xccam set off with: a +2 scale mail, a potion of lignification, a +0 hand crossbow, 26 bolts, a ration
     0 | D:1      | Reached XP level 1. HP: 28/28 MP: 2/2
    59 | D:1      | Reached XP level 2. HP: 36/36 MP: 3/3
   306 | D:1      | Reached XP level 3. HP: 25/42 MP: 4/4
  1036 | D:2      | Reached skill level 1 in Invocations
  1174 | D:2      | Reached skill level 1 in Short Blades
  1174 | D:2      | Reached skill level 1 in Long Blades
  1174 | D:2      | Reached skill level 1 in Maces & Flails
  1174 | D:2      | Reached skill level 1 in Polearms
  1174 | D:2      | Reached skill level 1 in Staves
  1174 | D:2      | Reached skill level 1 in Slings
  1174 | D:2      | Reached skill level 1 in Bows
  1174 | D:2      | Reached skill level 1 in Throwing
  1174 | D:2      | Reached skill level 1 in Dodging
  1174 | D:2      | Reached skill level 1 in Stealth
  1174 | D:2      | Reached skill level 1 in Unarmed Combat
  1174 | D:2      | Reached skill level 1 in Spellcasting
  1219 | D:2      | Reached XP level 4. HP: 36/48 MP: 6/6
  1287 | D:2      | Found a snail-covered altar of Cheibriados.
  1289 | D:2      | Became a worshipper of Cheibriados the Contemplative
  1441 | D:2      | Found a bloodstained altar of Trog.
  1843 | D:3      | Noticed xccam's ghost (amateur GnWn)
  2037 | D:3      | Killed xccam's ghost
  2037 | D:3      | Reached skill level 1 in Conjurations
  2037 | D:3      | Reached skill level 1 in Hexes
  2037 | D:3      | Reached skill level 1 in Charms
  2037 | D:3      | Reached skill level 1 in Summonings
  2037 | D:3      | Reached skill level 1 in Necromancy
  2037 | D:3      | Reached skill level 1 in Translocations
  2037 | D:3      | Reached skill level 1 in Transmutations
  2037 | D:3      | Reached skill level 1 in Fire Magic
  2037 | D:3      | Reached skill level 1 in Ice Magic
  2037 | D:3      | Reached skill level 1 in Air Magic
  2037 | D:3      | Reached skill level 1 in Earth Magic
  2037 | D:3      | Reached skill level 1 in Poison Magic
  2037 | D:3      | Reached XP level 5. HP: 54/54 MP: 7/7
  2111 | D:3      | Reached XP level 6. HP: 53/61 MP: 8/8
  2176 | D:3      | Found a burning altar of Makhleb.
  2357 | D:3      | Reached * piety under Cheibriados
  2834 | D:4      | Found a sacrificial altar of Ru.
  2992 | D:4      | Reached ** piety under Cheibriados
  2992 | D:4      | Reached XP level 7. HP: 67/67 MP: 10/10
  3462 | D:5      | Entered Level 5 of the Dungeon
  3833 | D:5      | Reached XP level 8. HP: 61/74 MP: 12/12
  3835 | D:5      | Found a glowing drain.
  3842 | Sewer    | Entered a sewer
  3851 | Sewer    | Reached *** piety under Cheibriados
  4432 | D:6      | Found a deep blue altar of Sif Muna.
  4443 | D:6      | Found an ancient bone altar of Kikubaaqudgha.
  4458 | D:6      | Found a radiant altar of Vehumet.
  4470 | D:6      | Reached **** piety under Cheibriados
  4478 | D:6      | Identified Vehumet's Grimoire of Attacks
  4482 | D:6      | Learned a level 1 spell: Flame Tongue
  4656 | D:6      | Reached skill level 11 in Fighting
  4656 | D:6      | Reached XP level 9. HP: 48/81 MP: 14/14
  4677 | D:6      | HP: 2/81 [wight/hand axe of electrocution (8)]
  5426 | D:7      | Found Vuqa's Armour Shop.
  5430 | D:7      | Bought a +0 buckler for 45 gold pieces
  5501 | D:7      | Reached skill level 5 in Axes
  5501 | D:7      | Reached skill level 5 in Crossbows
  5501 | D:7      | Reached skill level 5 in Armour
  5501 | D:7      | Reached skill level 5 in Shields
  5501 | D:7      | Reached skill level 5 in Evocations
  5553 | D:7      | Found a shimmering altar of Xom.
  5577 | D:7      | Found a staircase to the Ecumenical Temple.
  5706 | D:7      | Found a shattered altar of Ashenzari.
  5707 | D:7      | Found a glowing silver altar of Zin.
  5711 | D:7      | Found a sparkling altar of Nemelex Xobeh.
  6101 | D:8      | Noticed a two-headed ogre
  6116 | D:8      | Killed a two-headed ogre
  6116 | D:8      | Reached skill level 5 in Invocations
  6409 | D:8      | Reached XP level 10. HP: 69/88 MP: 17/17
  6415 | D:8      | Reached ***** piety under Cheibriados
  6547 | D:8      | Reached skill level 5 in Short Blades
  6547 | D:8      | Reached skill level 5 in Long Blades
  6547 | D:8      | Reached skill level 5 in Maces & Flails
  6547 | D:8      | Reached skill level 5 in Polearms
  6547 | D:8      | Reached skill level 5 in Staves
  6547 | D:8      | Reached skill level 5 in Slings
  6547 | D:8      | Reached skill level 5 in Bows
  6547 | D:8      | Reached skill level 5 in Throwing
  6547 | D:8      | Reached skill level 5 in Dodging
  6547 | D:8      | Reached skill level 5 in Stealth
  6547 | D:8      | Reached skill level 5 in Unarmed Combat
  6547 | D:8      | Reached skill level 5 in Spellcasting
  6680 | D:8      | Noticed an ice statue
  6691 | D:8      | Engulfed by an ice statue's freezing vapour

Vault maps used:
D:1:      grunt_arrival_lava_bath, minmay_pentomino_w4
D:2:      cheibriados_altar_1, lemuel_round_altar, first_ration
D:3:      lemuel_doored_altar
D:4:      nicolae_ru_great_annihilating_truth
D:5:      gup_sewer_entry_bubbles
D:6:      palyth_temple_overflow_mages, moated_statue
D:7:      grunt_temple_overflow_open, old_standard_altar,
          minmay_temple_entry_statues_fountains, serial_shops,
          nicolae_shop_trees
D:8:      minmay_statue_hallways, hangedman_pestilent_swarm
Sewer:    sewer_frog_island_01

Skill      XL: |  1  2  3  4  5  6  7  8  9 10 |
---------------+-------------------------------+-----
Fighting       | 11 | 11.4
Invocations    | 1 2 3 4 5 |  5.5
Short Blades   | 1 2 3 4 5 |  5.0
Long Blades    | 1 2 3 4 5 |  5.0
Maces & Flails | 1 2 3 4 5 |  5.0
Polearms       | 1 2 3 4 5 |  5.0
Staves         | 1 2 3 4 5 |  5.0
Slings         | 1 2 3 4 5 |  5.0
Bows           | 1 2 3 4 5 |  5.0
Throwing       | 1 2 3 4 5 |  5.0
Dodging        | 1 2 3 4 5 |  5.0
Stealth        | 1 2 3 4 5 |  5.0
Unarmed Combat | 1 2 3 4 5 |  5.0
Spellcasting   | 1 2 3 4 5 |  5.0
Axes           | 3 4 5 |  5.7
Crossbows      | 3 4 5 |  5.7
Armour         | 3 4 5 |  5.7
Shields        | 3 4 5 |  5.7
Conjurations   | 1 2 3 4 |  4.1
Hexes          | 1 2 3 4 |  4.1
Charms         | 1 2 3 4 |  4.1
Summonings     | 1 2 3 4 |  4.1
Necromancy     | 1 2 3 4 |  4.1
Translocations | 1 2 3 4 |  4.1
Transmutations | 1 2 3 4 |  4.1
Fire Magic     | 1 2 3 4 |  4.1
Ice Magic      | 1 2 3 4 |  4.1
Air Magic      | 1 2 3 4 |  4.1
Earth Magic    | 1 2 3 4 |  4.1
Poison Magic   | 1 2 3 4 |  4.1
Evocations     | 3 4 5 |  5.7

Action                   |  1- 3 |  4- 6 |  7- 9 | 10-12 || total
-------------------------+-------+-------+-------+-------++-------
Melee: Unarmed           |   119 |   107 |       |       ||   226
       Bite              |    13 |    23 |    49 |    16 ||   101
       Punch             |     1 |     2 |     7 |       ||    10
       Rapier            |       |    95 |    49 |       ||   144
       War axe           |       |       |    94 |       ||    94
       Long sword        |       |       |   114 |    62 ||   176
       Hand axe          |       |       |    28 |       ||    28
 Fire: Hand crossbow     |    42 |     6 |    24 |       ||    72
 Cast: Flame Tongue      |       |       |       |     3 ||     3
  Use: Potion            |       |     1 |     3 |       ||     4
       Scroll            |       |       |    14 |       ||    14
 Stab: Paralysed         |       |     1 |       |       ||     1
       Invisible         |       |       |     2 |       ||     2
  Eat: Chunk             |       |     7 |     6 |       ||    13
Armor: Scale mail        |    93 |   116 |   151 |    13 ||   373
       Skin              |       |     7 |       |       ||     7
Dodge: Dodged            |    99 |   125 |   212 |    48 ||   484
Block: Other             |       |       |    10 |       ||    10
       Buckler           |       |       |    28 |    33 ||    61
       Rpst.: Long sword |       |       |    22 |     7 ||    29

Table legend:
 A = Spawn XP
 B = Non-spawn XP
 C = Spawn XP percentage of total XP
 D = Spawn monster count
 E = Non-spawn monster count
 F = Spawn count percentage of total count
 G = Total turns spent on level
                    A         B        C        D         E        F      G
               +---------+---------+-------+---------+---------+-------+---------
         Total |       0 |    6025 |   0.0 |       0 |     203 |   0.0 |  6691
               +---------+---------+-------+---------+---------+-------+---------
           D:1 |       0 |      46 |   0.0 |       0 |      24 |   0.0 |   917
           D:2 |       0 |      68 |   0.0 |       0 |      24 |   0.0 |   995
           D:3 |       0 |     244 |   0.0 |       0 |      16 |   0.0 |   752
           D:4 |       0 |     489 |   0.0 |       0 |      34 |   0.0 |   798
           D:5 |       0 |     365 |   0.0 |       0 |      16 |   0.0 |   501
           D:6 |       0 |    1442 |   0.0 |       0 |      30 |   0.0 |  1006
           D:7 |       0 |     690 |   0.0 |       0 |      11 |   0.0 |   656
           D:8 |       0 |    2447 |   0.0 |       0 |      30 |   0.0 |   672
         Sewer |       0 |     234 |   0.0 |       0 |      18 |   0.0 |   394
               +---------+---------+-------+---------+---------+-------+---------
